 Dungeon Crawl Stone Soup version 0.25-a0-701-gb30f108f01 (webtiles) character file.

Game seed: 4445961901044053781, levelgen mode: deterministic

7088 Armakuni the Fighter (level 11, 0/89 HPs)
             Began as a Human Wanderer on Apr 3, 2020.
             Was an Initiate of Gozag.
             Slain by a wyvern (12 damage)
             ... on level 11 of the Dungeon.
             The game lasted 00:34:28 (11114 turns).

Armakuni the Fighter (Human Wanderer)              Turns: 11114, Time: 00:34:28

Health: 0/89       AC: 20    Str: 19    XL:     11   Next: 30%
Magic:  14/14      EV:  9    Int: 13    God:    Gozag
Gold:   371        SH:  0    Dex: 12    Spells: 10/10 levels left

rFire    . . .     SeeInvis .   b - +3 double sword (vorpal)
rCold    + . .     Gourm    .   (no shield)
rNeg     + . .     Faith    .   j - +4 chain mail {rC+}
rPois    .         Spirit   .   m - +0 helmet
rElec    .         Reflect  .   (no cloak)
rCorr    +         Harm     .   C - +2 pair of gloves {Dex+3}
MR       .....                  (no boots)
Stlth    ..........             (no amulet)
HPRegen  0.24/turn              K - ring of resist corrosion
MPRegen  0.14/turn              N - ring of positive energy

@: about to teleport, gold aura
A: no striking features
a: Potion Petition, Call Merchant, Bribe Branch, Renounce Religion


You were on level 11 of the Dungeon.
You worshipped Gozag.
Gozag was aware of your devotion.
You were not hungry.

You visited 2 branches of the dungeon, and saw 12 of its levels.

You collected 1490 gold pieces.
You spent 468 gold pieces at shops.
You paid 651 gold pieces to Gozag.

Inventory:

Hand Weapons
 a - a +3 hand axe
 b - a +3 vorpal double sword (weapon)
Missiles
 g - 7 javelins (quivered)
 h - 228 stones
 A - 3 silver boomerangs
 B - 3 boomerangs
Armour
 j - a +4 chain mail of cold resistance (worn)
 k - a +0 tower shield
 m - a +0 helmet (worn)
 C - a +2 pair of gloves of dexterity (worn)
Magical Staves
 x - an uncursed staff of energy {unknown}
Jewellery
 v - an uncursed ring of ice
 y - an uncursed ring of wizardry
 K - a ring of resist corrosion (left hand)
 N - a ring of positive energy (right hand)
Wands
 e - a wand of digging (5)
 s - a wand of flame (3)
 w - a wand of polymorph (7)
Scrolls
 d - 2 scrolls of immolation
 i - 3 scrolls of fog
 o - a scroll of noise
 q - 3 scrolls of remove curse
 t - 2 scrolls of amnesia
 u - 2 scrolls of enchant armour
 D - a scroll of magic mapping
Potions
 l - a potion of ambrosia
 r - 2 potions of flight
 z - a potion of stabbing
Comestibles
 f - 13 rations


   Skills:
 - Level 9.0 Fighting
   Level 3.0(5.0) Short Blades
 + Level 6.2(6.5) Long Blades
 - Level 7.7 Axes
 - Level 1.0 Throwing
 - Level 8.9 Armour
 - Level 3.5 Dodging
 - Level 4.0 Evocations


You had 10 spell levels left.
You didn't know any spells.
Your spell library contained the following spells:

 Spells                   Type           Power        Failure   Level  Hunger
 Animate Skeleton         Necr           N/A          95%         1    ##.....
 Pain                     Necr           #...         95%         1    ##.....
 Vampiric Draining        Necr           #.........   100%        3    ####...
 Animate Dead             Necr           N/A          100%        4    #####..
 Agony                    Necr           #.......     100%        5    ######.


Dungeon Overview and Level Annotations

Branches:
Dungeon (12/15)            Temple (1/1) D:4            Lair (0/6) D:8
    Orc (0/2) D:12

Altars:
Ashenzari
Cheibriados
Dithmenos
Elyvilon
Fedhas
Gozag
Hepliaklqana
Kikubaaqudgha
Makhleb
Nemelex Xobeh
Okawaru
Qazlal
Ru
Sif Muna
Trog
Uskayaw
Vehumet
Wu Jian
Xom
Yredelemnul
Zin
The Shining One

Shops:
D:7 (   D:9 (   D:12 (

Annotations:
D:5 2 transporters, Rotter5's ghost, novice DrCj
D:8 1 runed translucent door, Bombadill's ghost, novice HaVM
D:12 3 runed translucent doors, Ontamu's ghost, journeyman OpCj


Message History

The wyvern bites you!
* * * LOW HITPOINT WARNING * * *
The killer bee stings you but does no damage.
The adder becomes distracted by your gold, dreaming of imaginary riches.
The wyvern bites you but does no damage.
You feel better.
The orc priest is no longer distracted by gold.
The killer bee stings you but does no damage.
A bullfrog comes into view.
The killer bee stings you but does no damage.
The yak gores you!
* * * LOW HITPOINT WARNING * * *
The wyvern closely misses you.
The gargoyle becomes distracted by your gold, dreaming of imaginary riches.
You feel better.
The orc is no longer distracted by gold.
The killer bee stings you but does no damage.
The wyvern bites you!
You die...
Your body crumbles into a pile of gold.

####.....♣ ≈≈
........oF
P≈≈≈≈
......a.♣
≈≈≈≈≈
#....oo♣♣≈≈≈≈≈
#......PPS≈≈≈≈
#......≈≈P≈≈≈≈
#....o.P≈≈≈≈≈≈
#....@yo≈P≈≈≈≈
#....lY.♣♣P≈≈
#...H9..P♣
#.......≈♣
#.......P♣
#........♣
#........♣
#.........
#..........


You could see a hippogriff, a yak, an orc warrior, a wyvern, a gargoyle, a
bullfrog, a worker ant, a killer bee, 2 orc priests, an adder (unaware) and 2
orcs.

Vanquished Creatures
  Harold (D:7)
  An unseen horror (D:12)
  Joseph (D:7)
  A hippogriff (D:12)
  A spriggan (D:7)
  A yak (D:12)
  4 wraiths
  A hungry ghost (D:8)
  An acid dragon (D:12)
  A water moccasin (D:9)
  A hornet zombie (D:8)
  A black bear (D:5)
  An ice beast (D:5)
  3 ogres
  3 sky beasts
  3 phantoms
  3 centaurs
  A necrophage (D:5)
  A big kobold (D:3)
  6 bullfrogs
  A gnoll sergeant (D:6)
  4 scorpions
  9 killer bees (D:7)
  A crimson imp (D:12)
  2 centaur zombies
  2 jellies
  11 orc wizards
  6 hounds
  7 orc priests
  Jessica (D:3)
  A bullfrog skeleton (D:5)
  3 iguanas
  9 worker ants
  Natasha (thrice) (D:3)
  3 hound zombies
  2 hound skeletons
  Robin (D:2)
  A worker ant zombie (D:6)
  8 adders
  4 gnolls (D:6)
  An ooze (D:1)
  An adder skeleton (D:4)
  2 worms
  4 dart slugs
  5 leopard geckos
  36 orcs
  8 giant cockroaches
  18 goblins
  11 hobgoblins
  6 quokkas
  6 bats
  4 frilled lizards
  15 kobolds
  2 quokka skeletons
  6 rats
240 creatures vanquished.

Vanquished Creatures (others)
  A plant (D:8)
1 creature vanquished.

Grand Total: 241 creatures vanquished

Notes
Turn   | Place    | Note
-------+----------+-------------------------------------------
     0 | D:1      | Armakuni the Human Wanderer began the quest for the Orb.
     0 | D:1      | Armakuni set off with the following items: a +2 hand axe, a
                  | +0 short sword, a potion of curing, a +0 robe, a ration
     0 | D:1      | Reached XP level 1. HP: 15/15 MP: 1/1
   132 | D:1      | Reached XP level 2. HP: 8/21 MP: 2/2
   642 | D:1      | Reached skill level 2 in Fighting
   649 | D:1      | Reached XP level 3. HP: 11/27 MP: 3/3
  1412 | D:2      | Noticed Robin
  1443 | D:2      | Reached XP level 4. HP: 33/34 MP: 4/4
  1450 | D:2      | Killed Robin
  1677 | D:2      | Found a blossoming altar of Fedhas.
  1679 | D:2      | Found a stormy altar of Qazlal.
  1801 | D:2      | Reached XP level 5. HP: 40/40 MP: 5/5
  2069 | D:3      | Noticed Jessica
  2070 | D:3      | Noticed Natasha
  2083 | D:3      | Killed Jessica
  2083 | D:3      | Reached skill level 3 in Fighting
  2092 | D:3      | Killed Natasha
  2173 | D:3      | Noticed a big kobold
  2260 | D:3      | Reached XP level 6. HP: 28/47 MP: 6/6
  2454 | D:3      | Noticed Natasha
  2473 | D:3      | Killed Natasha
  2475 | D:3      | Noticed Natasha
  2485 | D:3      | Killed Natasha
  3034 | D:4      | Noticed an ogre
  3040 | D:4      | Killed an ogre
  3040 | D:4      | Reached XP level 7. HP: 28/53 MP: 7/9
  3263 | D:4      | Found a staircase to the Ecumenical Temple.
  3274 | Temple   | Entered the Ecumenical Temple
  3347 | Temple   | Became a worshipper of Gozag Ym Sagoz the Greedy
  3560 | D:4      | Reached skill level 4 in Fighting
  3735 | D:4      | Found an ornate altar of the Wu Jian Council.
  4095 | D:5      | Entered Level 5 of the Dungeon
  4177 | D:5      | Noticed Rotter5's ghost (novice DrCj)
  4178 | D:5      | Found a transporter.
  4229 | D:5      | Reached XP level 8. HP: 43/60 MP: 11/11
  4299 | D:5      | Reached skill level 5 in Axes
  4463 | D:5      | Found a transporter.
  4506 | D:5      | Reached skill level 5 in Fighting
  4506 | D:5      | Reached skill level 5 in Armour
  5071 | D:5      | Reached XP level 9. HP: 65/68 MP: 12/12
  5337 | D:5      | Reached skill level 6 in Fighting
  6499 | D:7      | Reached skill level 7 in Fighting
  6671 | D:7      | Noticed Joseph
  6707 | D:7      | Killed Joseph
  6707 | D:7      | Reached XP level 10. HP: 55/79 MP: 13/13
  6984 | D:7      | Found a basalt altar of Yredelemnul.
  7004 | D:7      | Found a snail-covered altar of Cheibriados.
  7074 | D:7      | Reached skill level 8 in Fighting
  7400 | D:7      | Noticed Harold
  7433 | D:7      | Killed Harold
  7618 | D:7      | Found a hide-covered altar of Uskayaw.
  8007 | D:8      | Found a staircase to the Lair.
  8008 | D:8      | Noticed a komodo dragon
  8367 | D:8      | Found a sparkling altar of Nemelex Xobeh.
  8370 | D:8      | Found a glowing golden altar of the Shining One.
  8372 | D:8      | Found a snail-covered altar of Cheibriados.
  8632 | D:7      | Reached skill level 9 in Fighting
  8849 | D:8      | Reached skill level 1 in Dodging
  9261 | D:7      | Bought a glowing double sword for 468 gold pieces
  9295 | D:8      | Found a runed translucent door.
  9296 | D:8      | Noticed Bombadill's ghost (novice HaVM)
  9745 | D:8      | Found the +5 scythe "Finisher" {speed, eviscerate}
  9935 | D:8      | Reached skill level 1 in Long Blades
  9935 | D:8      | Reached XP level 11. HP: 22/89 MP: 14/14
 10575 | D:9      | Found Acail's Antique Weapon Shop.
 10666 | D:9      | You fall into a shaft and drop 3 floors!
 10778 | D:12     | Killed an unseen horror
 10778 | D:12     | Reached skill level 5 in Long Blades
 11008 | D:12     | Found a runed translucent gate.
 11008 | D:12     | Found a runed translucent gate.
 11008 | D:12     | Found a runed translucent gate.
 11008 | D:12     | Noticed Ontamu's ghost (journeyman OpCj)
 11008 | D:12     | Noticed a spectral wolf spider
 11014 | D:12     | Found Qappe's Weapon Shop.
 11078 | D:12     | Found a staircase to the Orcish Mines.
 11113 | D:11     | HP: 3/89 [yak (12)]
 11114 | D:11     | Slain by a wyvern

Levels and vault maps discovered:
D:1:      onia_arrival_mini_maze, layout_rooms
D:2:      layout_basic, grunt_temple_overflow_forces_of_nature, uniq_robin
D:3:      cheibrodos_thug_alley, layout_basic, first_ration, minmay_misc_feat_x,
          uniq_jessica, uniq_natasha
D:4:      layout_basic, nicolae_overflow_crystal_walls,
          minmay_temple_entry_trees, chequers_serial_rivers_micro_b
D:5:      layout_gridville, gammafunk_ghost_smash, minmay_pentangle
D:6:      layout_rooms
D:7:      layout_basic, yredelemnul_altar_generic,
          eat_drink_and_be_merry_uskayaw, the_bakery, cheibriados_altar_1,
          uniq_harold, uniq_joseph
D:8:      layout_rooms, grunt_temple_overflow_open, david_lair_shrubbed,
          gammafunk_ghost_grave, minmay_guarded_unrand_finisher
D:9:      layout_gridville, serial_shops, shop, grunt_qazlal_clouds
D:11:     layout_long_grid, serial_bayou, serial_bayou_lake_a,
          serial_bayou_pond_c, serial_bayou_ford_a, serial_bayou_crossing
D:12:     layout_rooms, hiddenorc2_lemuel, serial_shops, shop_statue,
          special_room [special_room_orc], gammafunk_ghost_necromancy,
          grunt_dithmenos_smoke
Temple:   jpeg_temple_clearing

Skill      XL: |  1  2  3  4  5  6  7  8  9 10 11 |
---------------+----------------------------------+-----
Fighting       | 2 3 4 5 7 9 |  9.0
Axes           | 3 4 6 7 |  7.7
Armour         | 3 4 5 7 8 |  8.9
Evocations     | 3 4 |  4.0
Dodging        | 3 |  3.5
Long Blades    | 1 6 |  6.2
Short Blades   | |  3.0
Throwing       | |  1.0

Action                   |  1- 3 |  4- 6 |  7- 9 | 10-12 || total
-------------------------+-------+-------+-------+-------++-------
Melee: Hand axe          |    94 |   214 |   453 |   441 ||  1202
       Double sword      |       |       |       |    11 ||    11
Throw: Stone             |       |     2 |       |       ||     2
       Javelin           |       |       |       |     9 ||     9
       Throwing net      |       |       |       |     2 ||     2
Invok: Call Merchant     |       |       |       |     1 ||     1
Evoke: Wand              |       |     2 |     6 |    25 ||    33
  Use: Scroll            |       |     8 |     9 |     5 ||    22
       Potion            |       |     1 |     2 |    13 ||    16
 Stab: Invisible         |       |     1 |       |       ||     1
       Distracted        |       |       |     2 |     3 ||     5
  Eat: Ration            |     1 |     1 |     4 |     7 ||    13
       Chunk             |     1 |     1 |       |       ||     2
Armor: Robe              |     6 |       |       |       ||     6
       Chain mail        |    54 |   144 |   336 |   343 ||   877
       Skin              |       |       |       |    49 ||    49
Dodge: Dodged            |    51 |    78 |   161 |   204 ||   494
       Rpst.: Double sword |       |       |       |     5 ||     5

Table legend:
 A = Non-vault XP
 B = Vault XP
 C = Vault XP percentage of total XP
 D = Non-vault monster count
 E = Vault monster count
 F = Vault count percentage of total count
                 A         B        C        D         E       F
            +---------+---------+-------+---------+---------+-------
      Total |    7200 |    2927 |  28.9 |     195 |      45 |  18.8
            +---------+---------+-------+---------+---------+-------
        D:1 |      48 |       0 |   0.0 |      23 |       0 |   0.0
        D:2 |      74 |      33 |  30.8 |      26 |      11 |  29.7
        D:3 |     175 |     185 |  51.4 |      21 |      12 |  36.4
        D:4 |     420 |       0 |   0.0 |      15 |       0 |   0.0
        D:5 |    1433 |     102 |   6.6 |      29 |       6 |  17.1
        D:6 |     887 |       0 |   0.0 |      21 |       0 |   0.0
        D:7 |    1299 |    1886 |  59.2 |      31 |       4 |  11.4
        D:8 |     714 |     620 |  46.5 |      14 |       3 |  17.6
        D:9 |     403 |       0 |   0.0 |       5 |       0 |   0.0
       D:12 |    1747 |     101 |   5.5 |      10 |       9 |  47.4
            +---------+---------+-------+---------+---------+-------
